 Dungeon Crawl Stone Soup version 0.30-a0-802-gb92711bcdf (webtiles) character file.

Game seed: 13993067723015838282

68 cforsyth the Sneak (level 4, 0/28 HPs)
             Began as a Kobold Brigand on Feb 25, 2023.
             Killed from afar by an orc wizard (4 damage)
             ... with a puff of flame
             ... on level 2 of the Dungeon.
             The game lasted 00:01:49 (1337 turns).

cforsyth the Sneak (Kobold Brigand)                 Turns: 1337, Time: 00:01:50

Health: 0/28       AC:  3    Str:  8    XL:     4   Next: 41%
Magic:  4/4        EV: 15    Int: 12    God:
Gold:   108        SH:  0    Dex: 18    Spells: 3/3 levels left

rFire   . . .      SeeInvis .    a - +2 dagger
rCold   . . .      Faith    .    (no shield)
rNeg    . . .      Spirit   .    b - +0 robe
rPois   .          Reflect  .    (no helmet)
rElec   .          Harm     .    c - +0 cloak
rCorr   .          Rampage  .    (no gloves)
Will    .....                    (no boots)
Stlth   ++++                     (no amulet)
HPRegen 0.24/turn                (no ring)
MPRegen 0.09/turn                (no ring)

@: no status effects
A: small, no large weapons, nightstalker 3
a: no special abilities


You were on level 2 of the Dungeon.
You visited 1 branch of the dungeon, and saw 2 of its levels.

You collected 108 gold pieces.

Inventory:

Hand Weapons
 a - a +2 dagger (weapon)
Missiles
 d - 9 poisoned darts (quivered)
 e - 3 curare-tipped darts
Armour
 b - a +0 robe (worn)
 c - a +0 cloak (worn)
Scrolls
 g - a scroll of teleportation {unknown}
 h - a scroll of immolation {unknown}
 j - a scroll of fear {unknown}
 k - a scroll of torment {unknown}
 l - a scroll of poison {unknown}
 m - a scroll of blinking {unknown}
Potions
 f - a potion of degeneration {unknown}
 i - a potion of lignification {unknown}


   Skills:
 + Level 3.0 Fighting
 + Level 3.6 Short Blades
 - Level 2.1 Throwing
 + Level 2.5 Dodging
 + Level 6.0 Stealth


You had 3 spell levels left.
You didn't know any spells.
Your spell library was empty.

Dungeon Overview and Level Annotations

Branches:
Dungeon (2/15)

Altars:


Innate Abilities, Weirdness & Mutations

You are small and have problems with some larger weapons.
You are completely attuned to the shadows.


Message History

The orc wizard shouts!
The orc wizard completely misses you.
You closely miss the orc wizard. You closely miss the orc wizard.
The orc wizard hits you with a +0 dagger.
You barely miss the orc wizard.
The orc wizard gestures at you while chanting.
The magic dart hits you.
An orc wizard is nearby!
An orc wizard is nearby!
You hit the orc wizard.
The orc wizard is lightly wounded.
The orc wizard barely misses you.
You completely miss the orc wizard.
The orc wizard is lightly wounded.
You barely miss the orc wizard.
The orc wizard is lightly wounded.
The orc wizard hits you with a +0 dagger.
You barely miss the orc wizard.
The orc wizard is lightly wounded.
The orc wizard points at you and mumbles some strange words.
The magic dart hits you!
You hit the orc wizard.
The orc wizard is moderately wounded.
The orc wizard misses you.
You hit the orc wizard.
The orc wizard is heavily wounded.
The orc wizard completely misses you.
You hit the orc wizard.
The orc wizard is heavily wounded.
You hit the orc wizard.
The orc wizard is severely wounded.
The orc wizard casts a spell at you. The puff of flame hits you!
* * * LOW HITPOINT WARNING * * *
You hit the orc wizard but do no damage.
The orc wizard is severely wounded.
The orc wizard gestures at you while chanting.
The puff of flame hits you.
You die...

....# ....#
....#### ##......
#.###.. #.# #...
##.### .... ...[.#
######.... ##.#.#
...o@..... ...#.#
#####.....
..##.####.#
####.....
...†.......
.........
####.####..
####.##.# #.#
##..###.......#
####..
..<........####
..#########.##.####
#...........##.#


You could see an orc wizard.

Vanquished Creatures
  Natasha (D:2)
  An adder (D:2)
  2 dart slugs (D:1)
  3 orcs
  4 endoplasms
  A giant cockroach (D:1)
  4 hobgoblins (D:1)
  A kobold (D:1)
  3 quokkas
  2 ball pythons (D:1)
  A bat (D:1)
  2 frilled lizards
  A rat (D:2)
26 creatures vanquished.

Notes
Turn   | Place    | Note
-------+----------+-------------------------------------------
     0 | D:1      | cforsyth the Kobold Brigand began the quest for the Orb.
     0 | D:1      | Reached XP level 1. HP: 12/12 MP: 1/1
    52 | D:1      | Reached XP level 2. HP: 10/18 MP: 2/2
   501 | D:1      | Reached XP level 3. HP: 21/22 MP: 3/3
   783 | D:2      | Noticed Natasha
   787 | D:2      | Killed Natasha
   788 | D:2      | Reached XP level 4. HP: 27/27 MP: 4/4
  1231 | D:2      | Reached skill level 6 in Stealth
  1337 | D:2      | Killed from afar by an orc wizard

Illustrated notes

Levels and vault maps discovered:
D:1:      roderic_dead_forest, layout_basic
D:2:      layout_basic, uniq_natasha

Skill      XL: |  1  2  3  4 |
---------------+-------------+-----
Short Blades   | 3 |  3.6
Dodging        | 2 |  2.5
Fighting       | 3 |  3.0
Stealth        | 6 |  6.0
Throwing       | |  2.1

Action                     |  1- 3 |  4- 6 || total
---------------------------+-------+-------++-------
  Melee: Dagger            |    37 |    33 ||    70
         Punch             |     1 |     1 ||     2
   Stab: Sleeping          |    12 |     5 ||    17
 Armour: Robe              |     3 |     2 ||     5
  Dodge: Dodged            |     8 |    16 ||    24

Table legend: (Time is in decaauts)
 A = Elapsed time spent in this place.
 B = Non-inter-level travel time spent in this place.
 C = Inter-level travel time spent in this place.
 D = Time resting spent in this place.
 E = Time spent auto-exploring this place.
 F = Levels seen in this place.
 G = Mean time per level.
                   A        B        C        D        E       F      G
               +--------+--------+--------+--------+--------+-----+--------+
         Total |   1326 |   1300 |     26 |    293 |    845 |   2 |  663.0 |
       Dungeon |   1326 |   1300 |     26 |    293 |    845 |   2 |  663.0 |
               +--------+--------+--------+--------+--------+-----+--------+

Top non-repeatable levels by time:
     D:1: 1004 daAuts
     D:2: 321 daAuts
